 Dungeon Crawl Stone Soup version 0.30-a0-310-g7d6cbdfea6 (webtiles) character file.

Game seed: 3455326241236074907

337 Low2 the Trooper (level 6, -2/62 HPs)
             Began as an Ogre Gladiator on Oct 25, 2022.
             Was a Follower of Qazlal.
             Succumbed to a water moccasin's poison
             ... on level 5 of the Dungeon.
             The game lasted 00:11:35 (2494 turns).

Low2 the Trooper (Ogre Gladiator)                   Turns: 2494, Time: 00:11:36

Health: -2/62      AC:  5    Str: 19    XL:     6   Next: 54%
Magic:  6/6        EV: 11    Int:  9    God:    Qazlal [*.....]
Gold:   82         SH:  1    Dex: 12    Spells: 5/5 levels left

rFire   . . .      SeeInvis .    n - +1 halberd (protect)
rCold   + . .      Faith    .    (shield currently unavailable)
rNeg    . . .      Spirit   .    b - +0 robe
rPois   .          Reflect  .    c - +0 hat
rElec   .          Harm     .    f - +1 cloak
rCorr   .          Rampage  .    (gloves unavailable)
Will    .....                    (boots unavailable)
Stlth   +.........               (no amulet)
HPRegen 0.30/turn                g - ring of protection from cold
MPRegen 0.10/turn                (no ring)

@: lethally poisoned (-2 -> -12)
A: large, unfitting armour, tough skin 1
a: Renounce Religion


You were on level 5 of the Dungeon.
You worshipped Qazlal.
Qazlal was aware of your devotion.
You visited 1 branch of the dungeon, and saw 5 of its levels.

You collected 82 gold pieces.

Inventory:

Hand Weapons
 a - a +0 war axe
 i - a +1 vampiric short sword
 n - a +1 halberd of protection (weapon)
Missiles
 j - 2 boomerangs (quivered)
Armour
 b - a +0 robe (worn)
 c - a +0 hat (worn)
 f - a +1 cloak (worn)
Magical Staves
 v - a staff of death
Jewellery
 g - a ring of protection from cold (left hand)
Wands
 w - a wand of acid (7)
Scrolls
 e - a scroll of enchant weapon
 q - a scroll of amnesia {unknown}
 r - a scroll of noise {unknown}
 s - a scroll of teleportation {unknown}
 t - a scroll of identify
Potions
 d - a potion of mutation {unknown}
 h - a potion of degeneration {unknown}
 l - a potion of flight
 u - a potion of resistance {unknown}


   Skills:
 + Level 4.1 Fighting
 + Level 2.0 Short Blades
 + Level 3.5(4.1) Axes
 + Level 3.1(3.9) Polearms
 + Level 2.5 Throwing
 + Level 3.8 Dodging
 + Level 0.4 Stealth


You had 5 spell levels left.
You didn't know any spells.
Your spell library was empty.

Dungeon Overview and Level Annotations

Branches:
Dungeon (5/15)
 Temple: D:4-7

Altars:
Qazlal
Sif Muna

Shops:
D:4 [

Annotations:
D:4 3 runed translucent doors, Darkkill's ghost, amateur MiHu


Innate Abilities, Weirdness & Mutations

You are too large for most types of armour.
You have tough skin. (AC +1)


Message History

The water moccasin poisons you! The water moccasin bites you.
You barely miss the water moccasin.
The water moccasin is lightly wounded.
You feel very sick. The water moccasin bites you.
The water moccasin barely misses you.
Throw: 2 boomerangs
Press: ? - help, Q - select action, (/) - cycle Shift-Dir - straight line, f - water moccasin
Aim: a water moccasin (lightly wounded, 42% to hit)
You throw a boomerang.
The boomerang barely misses the water moccasin.
You feel very sick.
The water moccasin bites you but does no damage.
You miss the water moccasin.
The water moccasin is lightly wounded.
You feel sick. The water moccasin closely misses you.
The water moccasin bites you!
You are lethally poisoned!
The water moccasin poisons you!
You closely miss the water moccasin.
The water moccasin is lightly wounded.
* * * LOW HITPOINT WARNING * * *
You feel extremely sick. The water moccasin closely misses you.
The water moccasin barely misses you.
You slash the water moccasin!
Your weapon exudes an aura of protection.
The water moccasin is heavily wounded.
* * * LOW HITPOINT WARNING * * *
You feel very sick. The water moccasin closely misses you.
The water moccasin bites you.
* * * LOW HITPOINT WARNING * * *
The air fills with toxic fumes!
As you read the scroll labelled YRPHA QO LEAVAUTZ, it crumbles to dust.
It was a scroll of poison.
* * * LOW HITPOINT WARNING * * *
You feel very sick.
The water moccasin completely misses you.
As you read the scroll labelled NEPUFOVVOLAC, it crumbles to dust.
You feel a surge of unholy energy.
The water moccasin convulses!
It was a scroll of torment.
You die...

)..########.#
...'......#.#
...######...#
........#..##.#
#'#.........#.#
#.####.##...#.#
#.# #.##...#.# #.#
#.#<#.##.######
#.#
#.#.#.##.#§@S§#
#.#
#.#.#.##.#§##§#
#.# #...#...§§§.#
#
#.###########§#§.#
#...........#§#§.#
........###.#.####
#######.###.#..
#.....### #.#####


You could see a water moccasin.

Vanquished Creatures
  A black bear (D:5)
  A scorpion (D:4)
  An iguana (D:5)
  3 gnolls (D:2)
  4 adders
  3 dart slugs
  A worm (D:3)
  5 orcs (D:5)
  4 ball pythons
  2 bats (D:1)
  5 endoplasms
  8 giant cockroaches
  10 goblins
  5 hobgoblins
  8 jackals (D:1)
  5 kobolds
  2 quokkas
  3 frilled lizards
  8 rats
79 creatures vanquished.

Notes
Turn   | Place    | Note
-------+----------+-------------------------------------------
     0 | D:1      | Low2 the Ogre Gladiator began the quest for the Orb.
     0 | D:1      | Reached XP level 1. HP: 22/22 MP: 1/1
    51 | D:1      | Reached XP level 2. HP: 19/29 MP: 2/2
   181 | D:1      | Reached skill level 3 in Fighting
   288 | D:1      | Reached XP level 3. HP: 36/37 MP: 3/3
   542 | D:2      | Reached skill level 1 in Short Blades
   656 | D:2      | Reached XP level 4. HP: 45/45 MP: 4/4
   758 | D:2      | Found a stormy altar of Qazlal.
   900 | D:2      | Became a worshipper of Qazlal Stormbringer
  1353 | D:3      | Found a shimmering blue altar of Sif Muna.
  1403 | D:3      | Reached XP level 5. HP: 40/53 MP: 5/5
  1794 | D:4      | Found Pacubles's Armour Shop.
  1901 | D:4      | Reached * piety under Qazlal
  1902 | D:4      | Reached skill level 1 in Polearms
  2048 | D:4      | Found a runed translucent gate.
  2048 | D:4      | Found a runed translucent gate.
  2048 | D:4      | Found a runed translucent gate.
  2049 | D:4      | Noticed Darkkill's ghost (amateur MiHu)
  2077 | D:5      | Entered Level 5 of the Dungeon
  2161 | D:5      | Reached XP level 6. HP: 24/62 MP: 6/6
  2292 | D:5      | Noticed a black bear
  2328 | D:5      | Killed a black bear
  2329 | D:5      | Reached skill level 4 in Fighting
  2483 | D:5      | Noticed a water moccasin
  2492 | D:5      | HP: 3/62 [water moccasin (6)]
  2493 | D:5      | HP: 1/62 [poisoned by a water moccasin]
  2494 | D:5      | Succumbed to a water moccasin's poison

Illustrated notes

Levels and vault maps discovered:
D:1:      minmay_arrival_radiant_lines, layout_basic,
          hellmonk_ecumenical_altar_leap_of_faith, dreamdust_princess_corridor
D:2:      layout_loops_ring, basic_altar, minmay_pentomino_u4
D:3:      layout_loops_ring, mainiacjoe_overflow_cross_hatched,
          roderic_roman_lattice, kennysheep_jessica_study, uniq_jessica
D:4:      layout_basic, ebering_ghost_rock_garden,
          nicolae_ossuary_entry_monument, serial_shops,
          nicolae_shop_temple_entry_statues_fountains, uniq_edmund
D:5:      layout_basic, roderic_serpentine_path

Skill      XL: |  1  2  3  4  5  6 |
---------------+-------------------+-----
Dodging        | 3 |  3.8
Fighting       | 3 4 |  4.1
Short Blades   | 1 2 |  2.0
Polearms       | 2 3 |  3.1
Axes           | |  3.5
Throwing       | |  2.5
Stealth        | |  0.4

Action                   |  1- 3 |  4- 6 || total
-------------------------+-------+-------++-------
Melee: War axe           |    40 |       ||    40
       Short sword       |    94 |    33 ||   127
       Punch             |     1 |       ||     1
       Halberd           |       |   100 ||   100
Throw: Throwing net      |     1 |     4 ||     5
       Boomerang         |       |    18 ||    18
       Large rock        |       |     2 ||     2
  Use: Potion            |     1 |     2 ||     3
       Scroll            |       |     6 ||     6
 Stab: Sleeping          |     1 |     1 ||     2
Armor: Robe              |   107 |    78 ||   185
Dodge: Dodged            |   136 |    96 ||   232
Block: Other             |       |     3 ||     3

Table legend: (Time is in decaauts)
 A = Elapsed time spent in this place.
 B = Non-inter-level travel time spent in this place.
 C = Inter-level travel time spent in this place.
 D = Time resting spent in this place.
 E = Time spent auto-exploring this place.
 F = Levels seen in this place.
 G = Mean time per level.
                   A        B        C        D        E       F      G
               +--------+--------+--------+--------+--------+-----+--------+
         Total |   2542 |   2542 |      0 |    526 |      0 |   5 |  508.4 |
       Dungeon |   2542 |   2542 |      0 |    526 |      0 |   5 |  508.4 |
               +--------+--------+--------+--------+--------+-----+--------+

Top non-repeatable levels by time:
     D:1: 792 daAuts
     D:2: 522 daAuts
     D:3: 462 daAuts
     D:5: 429 daAuts
     D:4: 337 daAuts
